AoeStats
← Chungus69

Arena

504495505Analyzed
1v1 RM · 28d ago on Sep 5, 2026· 42m 50s· 2 players
Game mode
Random Map
Map size
Tiny (2 player)
Population
200
Speed
Normal
Resources
Standard
Victory
Conquest
Starting age
Dark Age
Ending age
Imperial Age
RankedLock teamsTeams togetherTeam positionsShared explorationLock speedFull tech treeHidden civsTurbo modeCheats
Victory
Defeat
🇩🇪 Khmer · Germany
804
+15
🇺🇸 Britons · United States
792
-24
Chungus69
13:47 Feudal Age
15:05 Wheelbarrow
14:21 Double-Bit Axe
14:19 Horse Collar
16:49 Gold Mining
18:02 Man-at-Arms
21:29 Scale Mail Armor
22:17 Forging
28:18 Castle Age
29:26 Long Swordsman
30:26 Chain Mail Armor
30:47 Iron Casting
34:29 Padded Archer Armor
34:20 Fletching
35:11 Hand Cart
35:13 Bow Saw
35:04 Stone Mining
35:05 Gambesons
35:22 Squires
38:23 Bodkin Arrow
38:47 Leather Archer Armor
38:20 Pikeman
41:12 Gold Shaft Mining
44:30 Imperial Age
The1AndOnlyKarl
5:06 Loom
10:35 Feudal Age
13:39 Castle Age
11:54 Double-Bit Axe
12:14 Horse Collar
12:30 Stone Mining
13:01 Horse Collar
15:42 Wheelbarrow
17:11 Heavy Plow
17:26 Bow Saw
19:22 Heavy Plow
22:22 Gold Mining
23:24 Hand Cart
29:10 Imperial Age
28:29 Fervor
28:24 Town Watch
30:00 Fortified Wall
29:40 Light Cavalry
30:30 Bloodlines
30:21 Husbandry
29:45 Elite Ballista Elephant
30:46 Conscription
31:12 Gold Shaft Mining
31:14 Stone Shaft Mining
31:43 Chemistry
31:46 Hussar
33:05 Hoardings
32:44 Masonry
32:42 Scale Barding Armor
32:48 Forging
32:28 Fletching
33:23 Double Crossbow
36:16 Chain Barding Armor
36:32 Iron Casting
35:52 Bodkin Arrow
36:01 Town Patrol
36:34 Architecture
36:00 Murder Holes
37:30 Siege Engineers
41:05 Plate Barding Armor
41:31 Blast Furnace
40:32 Bracer
40:55 Ballistics
Connection lost

Rejoining the realm…

Still unreachable

The connection could not be restored.

Session expired

The server has moved on; the page needs a fresh start.